[Event "24th Hoogeschool Zeeland 2022"]
[Site "Vlissingen"]
[Date "2022.08.12"]
[Round "8.2"]
[White "Beerdsen, Thomas"]
[Black "Harsha Bharathakoti"]
[Result "0-1"]
[ECO "B46"]
[WhiteElo "2500"]
[BlackElo "2547"]
[Annotator "TA"]
[PlyCount "106"]
[EventDate "2022.08.05"]
[EventType "swiss"]
[EventCountry "NED"]
[SourceTitle "playchess.com"]
[Source "ChessBase"]
[SourceQuality "1"]
[TimeControl "40/5400+30:1800+30"]

1. e4 c5 2. Nf3 e6 3. d4 cxd4 4. Nxd4 Nc6 5. Nc3 Qc7 6. f4 a6 7. Nxc6 bxc6 8. Bd3 d5 9. O-O Nf6 10. Qf3 {[%emt 0:05:05] B46: Sicilian: Taimanov: 5 Nc3 a6.} Be7 11. Kh1 a5 {[%emt 1:09:31] [#]} 12. e5 $146 {[%emt 0:14:40] The position is equal.} ({Predecessor:} 12. Bd2 Ba6 13. f5 d4 14. fxe6 dxc3 15. exf7+ Kf8 16. Bxc3 h5 17. Bxa6 Rxa6 18. Rad1 {0-1 (51) Pichot,A (2577)-Klein,D (2508) Chess.com INT 2017}) 12... Nd7 13. f5 exf5 (13... Qxe5 14. fxe6 fxe6 15. Bf4 $14) 14. Bxf5 O-O 15. Qh3 $36 {[%emt 0:11:43][%csl Gf5][%cal Rh3h7][%mdl 2048] White has good play.} g6 16. e6 Ne5 (16... gxf5 17. exd7 (17. Bf4 Qd8 $16) 17... Bxd7 18. Bf4 $16) 17. Bh6 Re8 (17... Rd8 $11) 18. Bf4 $1 $16 f6 (18... fxe6 $16 {was called for.} 19. Bxg6 (19. Bxe6+ Kh8 $11) 19... hxg6) 19. Bxe5 $18 Qxe5 20. Rae1 Qd4 21. Ne2 Qd2 {[%emt 0:00:00] [#]} (21... Qxb2 22. Nf4 Bb4 23. Bxg6 $1 hxg6 24. Qh6 $18) (21... Qe5) 22. Nf4 $1 {[%emt 0:04:01][%cal Of5g6] Threatens to win with Bxg6!} gxf5 23. Re3 Bf8 {[%emt 0:00:00] aiming for ...Ra7.} (23... Ba6 24. Rg3+ Kh8 25. Ng6+ Kg8 26. Nf8+ Kxf8 27. Qxh7 $1) 24. Rg3+ Bg7 25. Qxf5 {[%emt 0:02:29][%cal Og3g7] White wants to mate with Rxg7+!} ({And not} 25. Qh6 Ra7 26. Qxf6 Rf8 $17) (25. Nh5 Kh8 $18) 25... Ra7 26. Qxf6 {[%emt 0:01:38] Threatening mate with Nh5.} Qb4 (26... Qxc2 $2 27. Nh5 Qg6 28. Rxg6 $18) (26... Kh8 {[#] leads to mate.} 27. Ng6+ $1 hxg6 28. Rh3+) 27. Qf7+ Rxf7 $11 28. exf7+ Kxf7 29. Nxd5+ $1 Kg8 30. Nxb4 axb4 31. h3 Kh8 {[%emt 0:00:51][%mdl 1024] Black has compensation.} 32. c3 bxc3 33. bxc3 Re7 ({Black should try} 33... Ba6 34. Rff3 Rd8) 34. Rd1 {[%emt 0:00:43] Rd8+ would kill now.} Re8 {[%emt 0:00:30] Inhibits Rd8.} 35. Rgd3 {[%emt 0:01:03] Rd8 is the strong threat.} (35. Re3 $5 Rg8 36. a4 $14) 35... Kg8 36. Rd8 Kf7 37. Rxe8 Kxe8 38. a4 Ke7 39. Rd3 Ba6 40. Rf3 Kd6 41. Rf7 $2 (41. Kg1 $11 {and White has nothing to worry.}) 41... Bxc3 $19 42. Rxh7 Bd3 43. Rh6+ Kc7 {[%emt 0:07:39] Strongly threatening ...c5.} 44. g4 $2 (44. Rh5) 44... c5 45. g5 c4 {[%emt 0:07:52] ( -> ...Be4+)} 46. g6 Be4+ 47. Kg1 Bd4+ {[%emt 0:00:05] This bishop pair is nice.} 48. Kf1 c3 {[%emt 0:00:04] Black mates.} 49. Rh4 c2 50. Rxe4 c1=Q+ 51. Ke2 Qc2+ 52. Kf3 Qf2+ 53. Kg4 Qf6 {[%emt 0:00:05] What a bad dream for White.  Weighted Error Value: White=0.76/Black=0.19 (very precise)} (53... Qg2+ $142 54. Kf5 Qf3+ 55. Rf4 Qd5+ 56. Kg4 Qg2+ 57. Kf5 Be3 58. Rg4 Qxh3 59. Ke4 Bh6 60. Rf4 Qg2+ 61. Ke5 Qg3 62. Kd4 Qxf4+ 63. Kd3 Qe3+ 64. Kc4 Bg7 65. a5 Kc6 66. Kb4 Qc3+ 67. Ka4 Qc2+ 68. Kb4 Bf8#) 0-1

[Event "24th Hoogeschool Zeeland 2022"]
[Site "Vlissingen"]
[Date "2022.08.12"]
[Round "8.3"]
[White "Vrolijk, Liam"]
[Black "Van den Doel, Erik"]
[Result "1-0"]
[ECO "D52"]
[WhiteElo "2464"]
[BlackElo "2589"]
[Annotator "TA"]
[PlyCount "63"]
[EventDate "2022.08.05"]
[EventType "swiss"]
[EventCountry "NED"]
[SourceTitle "playchess.com"]
[Source "ChessBase"]
[SourceQuality "1"]
[TimeControl "40/5400+30:1800+30"]

1. c4 c6 2. d4 d5 3. Nf3 Nf6 4. Nc3 e6 5. Bg5 Nbd7 6. e3 Qa5 7. Nd2 dxc4 8. Bxf6 Nxf6 9. Nxc4 Qc7 10. Rc1 Bd6 {[%emt 0:01:45] D52: Queen's Gambit Declined: Cambridge Springs Variation.} 11. f4 Be7 {[%emt 0:17:25] [#]} 12. Bd3 $146 ({Predecessor:} 12. Be2 O-O 13. O-O Rd8 14. Qc2 Bd7 15. Ne4 Nxe4 16. Qxe4 c5 17. f5 Qc6 18. Qxc6 Bxc6 19. fxe6 fxe6 {0-1 (41) Gukesh,D (2614)-Karthikeyan,M (2622) chess24.com INT 2022}) 12... Bd7 (12... O-O $11) 13. O-O $14 (13. Ne5 {keeps more tension.} Nd5 14. Kf2 O-O 15. h4) 13... c5 14. dxc5 Bxc5 15. Kh1 Qd8 (15... O-O $11) 16. e4 {[%emt 0:22:29][%cal Be3e4,Be4e5][%mdl 32] And now e5 would win.} h5 (16... O-O $14 {deserves consideration.}) 17. e5 $16 Ng4 18. Ne4 {[%emt 0:00:28] Pair of Knights!} (18. Nd6+ $2 Bxd6 19. Qe2 Bc5 $19) (18. Qe1 $5 ) 18... Qh4 $1 19. h3 {[%emt 0:01:45] Active counter play!} Bc6 $1 {[%emt 0:00:05] Threatens to win with ...Bxe4.} 20. Ncd6+ Bxd6 21. Nxd6+ Kf8 {[%emt 0:00:49] ( -> ...Qxh3+)} 22. Rxc6 $1 bxc6 23. Qf3 {[%emt 0:00:47] Against Qg3} Rb8 $2 (23... g6 $11) 24. f5 $1 $18 (24. Kg1 Nh6 $11) 24... Qe7 {[%emt 0:07:00] Loses the game.} (24... Nxe5 $16 {is more resistant.} 25. Qe3 Qe7 $1 26. Nxf7 (26. Qxe5 f6 $11) 26... Nxf7 27. fxe6 Re8) 25. Qg3 {[%emt 0:07:07] aiming for fxe6.} exf5 26. hxg4 $2 (26. Nxf7 Kxf7 27. e6+ Qxe6 28. Bxf5) 26... hxg4+ 27. Kg1 g6 {[%emt 0:00:31] [#]} 28. e6 $1 $40 {[%emt 0:04:01][%mdl 1152] White has strong compensation. White is out for blood.} Qh4 $2 {[%emt 0:06:03] [#]} (28... fxe6 {is a better defense.} 29. Qe5 (29. Nxf5 exf5 30. Qxb8+ Kg7 $16) 29... Rg8) 29. Qe5 $1 {[%emt 0:03:39] Threatening mate with e7+. Dancing on a razor blade.} Qh1+ $2 (29... g3 30. e7+ Kg8 31. e8=Q+ $18) (29... fxe6 30. Nxf5 gxf5) 30. Kf2 {[%emt 0:00:06] White wants to mate with e7+. White is clearly winning.} Qh4+ 31. Ke2 ({Weaker is} 31. Ke3 Rh7 $16) 31... fxe6 {[%emt 0:00:59] [#]} 32. Rh1 $3 {[%emt 0:00:48][%mdl 576] Skewer.  Weighted Error Value: White=0.18 (very precise) /Black=0.69} 1-0

[Event "24th Hoogeschool Zeeland 2022"]
[Site "Vlissingen"]
[Date "2022.08.12"]
[Round "8.4"]
[White "Baklan, Vladimir"]
[Black "Dhulipalla Bala Chandra Prasad"]
[Result "1/2-1/2"]
[ECO "C84"]
[WhiteElo "2589"]
[BlackElo "2423"]
[Annotator "TA"]
[PlyCount "71"]
[EventDate "2022.08.05"]
[EventType "swiss"]
[EventCountry "NED"]
[SourceTitle "playchess.com"]
[Source "ChessBase"]
[SourceQuality "1"]
[TimeControl "40/5400+30:1800+30"]

1. e4 e5 2. Nf3 Nc6 3. Bb5 a6 4. Ba4 Nf6 5. O-O Be7 6. d3 b5 7. Bb3 d6 8. a4 Bd7 9. Bd2 {[%emt 0:06:30] C84: Closed Ruy Lopez: Unusual White 6th moves.} b4 10. a5 O-O 11. h3 Rb8 12. c3 h6 {[%emt 0:00:22] 12...bxc3 is the recent fashion.} 13. Re1 Re8 14. Bc4 Qc8 15. d4 bxc3 {[%emt 0:04:12] [#]} 16. Bxc3 $146 ({Predecessor:} 16. bxc3 Bf8 17. Qc2 Nh5 18. Qd3 Ra8 19. Be3 Nf6 20. Nbd2 g6 21. Nh4 Kg7 22. Rf1 {1-0 (41) Lagno,K (2546)-Abdumalik,Z (2478) Chess.com INT 2020}) 16... exd4 17. Nxd4 Ne5 18. Bf1 Bf8 19. Nf3 Nxf3+ 20. Qxf3 Nh7 21. Nd2 Bb5 22. Re3 Be7 23. Rc1 Bg5 24. Bxb5 Rxb5 25. Rd3 (25. Ree1 $15) 25... Qb7 26. Qg3 Bf6 27. f3 Qa7+ 28. Qf2 Qxf2+ 29. Kxf2 Bxc3 30. Rcxc3 Re7 31. Nb3 Nf6 32. Rc6 Re8 {[%emt 0:00:15] The position is equal.} ({Don't take} 32... d5 33. exd5 (33. Rxa6 dxe4 34. fxe4 Nxe4+ 35. Kg1 c5 $11) 33... Nxd5 34. Rc5 (34. Rxa6 Nf4 $11) 34... Rxc5 35. Nxc5 $16) 33. Rxc7 d5 34. exd5 Nxd5 35. Rc4 Reb8 36. Nd2 {[%emt 0:03:12] Weighted Error Value: White=0.12 (very precise) /Black=0.10 (very precise)} 1/2-1/2

[Event "24th Hoogeschool Zeeland 2022"]
[Site "Vlissingen"]
[Date "2022.08.12"]
[Round "8.5"]
[White "Sorbe, Stephane"]
[Black "Ikonnikov, Vyacheslav"]
[Result "0-1"]
[ECO "B25"]
[WhiteElo "2352"]
[BlackElo "2493"]
[Annotator "TA"]
[PlyCount "108"]
[EventDate "2022.08.05"]
[EventType "swiss"]
[EventCountry "NED"]
[SourceTitle "playchess.com"]
[Source "ChessBase"]
[SourceQuality "1"]
[TimeControl "40/5400+30:1800+30"]

1. e4 c5 2. Nc3 Nc6 3. g3 g6 4. Bg2 Bg7 5. d3 d6 6. f4 Rb8 7. Nf3 b5 8. O-O b4 9. Ne2 Nf6 10. a3 {[%emt 0:08:06] B25: Closed Sicilian: 3 g3, lines without early Be3.} Qb6 {[%emt 0:13:01] [#]} 11. Kh1 $146 ({Predecessor:} 11. axb4 cxb4+ 12. Kh1 O-O 13. h3 a5 14. g4 Ba6 15. f5 b3 16. c3 Ne5 17. Nf4 Nxf3 18. Rxf3 {0-1 (51) Babikov,I (2266)-Danielyan,L (2143) Sochi 2017}) 11... b3 12. c3 {[%emt 0:20:43] The position is equal.} c4 13. e5 cxd3 14. Ned4 {[%emt 0:17:44] Threatens to win with Nxc6.} (14. Qxd3 Ba6 15. Qe3 (15. c4 dxe5 16. Nc3 O-O $17) 15... Qxe3 16. Bxe3 Ng4 $15) 14... Ne4 (14... Nd5 $11) 15. Be3 {[%emt 0:12:50][%cal Od4f5] Hoping for Nf5!} Nc5 (15... dxe5 $2 16. Nf5 $1 gxf5 17. Bxb6 Rxb6 18. fxe5 $18) 16. exd6 exd6 17. f5 (17. Nxc6 $14 Qxc6 18. Bxc5 dxc5 19. Re1+ (19. Qxd3 O-O $11) 19... Be6 20. Qxd3 (20. Ne5 Qc7 $11)) 17... Bb7 $11 18. Nxc6 Bxc6 19. Bxc5 Qxc5 20. Re1+ Be5 21. Qxd3 O-O 22. Rad1 Rfe8 (22... Qf2 23. Qe2 Qxe2 24. Rxe2 $14) 23. fxg6 hxg6 24. Nxe5 dxe5 25. Bxc6 Qxc6+ 26. Kg1 Kg7 27. Qe3 Rb7 28. Rd2 Rd7 29. Red1 Rxd2 30. Rxd2 {[%emt 0:00:39][%mdl 4096] Endgame KQR-KQR} Re7 31. h4 f6 32. Qd3 Qb6+ 33. Kf1 e4 34. Qd6 Qb7 35. Rd5 e3 36. Ke2 Kf7 37. g4 a5 ({Black should play} 37... Qc8 $14 38. Rd4 Qb7 39. Qd5+ Qxd5 40. Rxd5 Ke6) 38. g5 $16 fxg5 (38... Re6 $16 39. Qd7+ Qxd7 40. Rxd7+ Ke8) 39. hxg5 $18 {[%emt 0:01:18] Intending Qf6+ and mate.} ({Not} 39. h5 gxh5 40. Rf5+ (40. Rxg5 Qe4 $17) (40. Ke1 h4 $11) 40... Ke8 $16) 39... Kg7 40. Qf6+ (40. a4 $18) 40... Kh7 $16 41. Qf3 ({Better is} 41. Qd4 $16 {Qh4+ would kill now.} Qb8 42. Qh4+ Kg8 43. Rxa5) 41... Qa6+ {[%emt 0:29:51] [#]} (41... Qc7 $11 42. Qh1+ Kg8) 42. Ke1 $1 {[%emt 0:00:27] Threatening mate with Rd8.} Qe6 $2 (42... Qa8 $16) 43. Rd8 $2 (43. Qh1+ $18 Kg7 44. Rxa5 (44. Rd8 Re8 $16)) 43... Re8 $1 $11 44. Qb7+ Kh8 $1 {[%emt 0:00:33] The board is on fire.} 45. Qh1+ Kg7 $1 46. Rd4 (46. Rxe8 $14 {keeps the upper hand.} Qxe8 47. Qd5) 46... Qf5 $19 47. Qf1 {[%emt 0:08:41] [#] Inhibits Qf2+.} Qxg5 $2 (47... Rh8 $1 $19 {[%cal Rh8h1] ( -> ...Rh1!)} 48. Qxf5 gxf5) 48. Rf4 $2 (48. Rd7+ $15 Kh6 49. Qh3+ Qh5 50. Qg3 Qh1+ 51. Ke2 Qh5+ 52. Ke1) 48... Qg3+ {[%emt 0:00:50] Black mates.} 49. Ke2 Qh2+ 50. Kd3 Qd2+ 51. Kc4 e2 52. Rf7+ Kg8 53. Qf6 Rc8+ 54. Kxb3 Qd5+ {[%emt 0:03:33] Weighted Error Value: White=0.51/Black=0.32} 0-1

[Event "24th Hoogeschool Zeeland 2022"]
[Site "Vlissingen"]
[Date "2022.08.12"]
[Round "8.6"]
[White "Schoppen, Casper"]
[Black "Santiago, Yago De Moura"]
[Result "1/2-1/2"]
[ECO "A11"]
[WhiteElo "2507"]
[BlackElo "2513"]
[Annotator "TA"]
[PlyCount "46"]
[EventDate "2022.08.05"]
[EventType "swiss"]
[EventCountry "NED"]
[SourceTitle "playchess.com"]
[Source "ChessBase"]
[SourceQuality "1"]
[TimeControl "40/5400+30:1800+30"]

1. Nf3 Nf6 2. g3 e6 3. Bg2 d5 4. O-O g6 5. d4 Bg7 6. c4 O-O 7. Nc3 c6 8. b3 Nbd7 9. Qc2 Re8 10. Bb2 (10. Rd1 {is more complex.} b6 11. Ne5 Nxe5 12. dxe5 Ng4 13. f4) 10... b6 {[%emt 0:02:55] A11: English Opening: 1...c6.} 11. e4 Nxe4 12. Nxe4 dxe4 13. Qxe4 Bb7 14. Rad1 {[%emt 0:00:17] [#]} Rc8 $146 ({Predecessor:} 14... Qc7 15. Qb1 Rad8 16. Rfe1 a5 17. Bc1 Nf6 18. Bf4 Qc8 19. b4 axb4 20. Qxb4 b5 {1-0 (32) Zurkowski,A (2065)-Nova,M (1886) Pardubice 2019}) 15. Ne5 Qe7 16. Rd2 Nf6 (16... Nxe5 $11 17. dxe5 Rcd8) 17. Qf3 Red8 18. Rfd1 Rc7 19. Qe3 Rdc8 20. h3 Rb8 21. Bc3 Rbc8 22. Bb2 {[%emt 0:00:15] 0x0.0024d7ce421adp-1022s more active pieces.} Rb8 $1 23. Bc3 Rbc8 $1 {[%emt 0:00:06] Weighted Error Value: White=0.22 (precise) /Black=0.10 (very precise)} 1/2-1/2

[Event "24th Hoogeschool Zeeland 2022"]
[Site "Vlissingen"]
[Date "2022.08.12"]
[Round "8.7"]
[White "Leenhouts, Koen"]
[Black "Jeanne, Mickael"]
[Result "1-0"]
[ECO "E26"]
[WhiteElo "2442"]
[BlackElo "2145"]
[Annotator "TA"]
[PlyCount "65"]
[EventDate "2022.08.05"]
[EventType "swiss"]
[EventCountry "NED"]
[SourceTitle "playchess.com"]
[Source "ChessBase"]
[SourceQuality "1"]
[TimeControl "40/5400+30:1800+30"]

1. d4 Nf6 2. c4 e6 3. Nc3 Bb4 4. a3 Bxc3+ 5. bxc3 c5 6. e3 Nc6 7. Bd3 d6 8. Ne2 b6 9. O-O Na5 {[%emt 0:01:16] E26: Nimzo-Indian: Sämisch: 5...c5 6 e3.} 10. e4 Qc7 11. Bg5 Nd7 {[%emt 0:01:03] [#]} (11... Ba6 $14) 12. Ng3 {[%emt 0:04:35] [#]} ({White should try} 12. Nf4 $1 $16) 12... f6 $146 ({Predecessor:} 12... g6 13. Bh6 Ba6 14. f4 O-O-O 15. e5 Bb7 16. Qe2 Nb8 17. Qf2 cxd4 18. cxd4 dxe5 {0-1 (61) Rudakovsky,I-Lisitsin,G Moscow 1940}) 13. Be3 g6 {[%emt 0:09:45] Against Qh5} (13... O-O $11 {deserves consideration.}) 14. Qg4 Nf8 {[%emt 0:05:56] White now steadily converts the win.} (14... Qd8 $1 $14) 15. Qh4 $36 {[%emt 0:06:38][%mdl 2048] Keeping Black busy. White is more active.} Qf7 {[%emt 0:06:06] [#]} (15... Nd7 $16) 16. e5 $1 $18 f5 {[%emt 0:03:47] Prevents Ne4.} (16... Bb7 {was worth a try.} 17. exf6 (17. Qxf6 Qxf6 18. exf6 Nd7 $16) 17... Nd7) 17. exd6 Nd7 18. Bh6 Nf6 19. Rfe1 Bd7 20. h3 Nb7 (20... O-O-O $142 21. dxc5 bxc5) 21. Qf4 O-O-O 22. a4 Bc6 23. d5 Bd7 24. a5 bxa5 25. Rab1 {[%emt 0:01:30] Threatens to win with dxe6.} e5 (25... Rhe8 $142 26. dxe6 Bxe6) 26. Rxe5 {[%emt 0:01:56] Black must now prevent Re7.} Rde8 {[%emt 0:00:57] Prevents Re7.} 27. Bg5 {[%emt 0:06:04] This bishop pair is nice.} (27. Re7 Rxe7 28. dxe7 Qxe7 $18) 27... Rhf8 (27... h6 $142) 28. Re2 Rxe2 29. Nxe2 ({Not} 29. Bxe2 Qe8 30. f3 Ng8 $18) 29... Re8 (29... Kb8 $142 30. Qe3 Rc8) 30. Qc1 {[%emt 0:02:14] aiming for Qb2.} Nxd6 31. Qa3 Nfe4 32. Bxe4 Nxe4 33. Qxa5 {[%emt 0:00:32] Weighted Error Value: White=0.22 (precise) /Black=0.94} 1-0

[Event "24th Hoogeschool Zeeland 2022"]
[Site "Vlissingen"]
[Date "2022.08.12"]
[Round "8.8"]
[White "Van Delft, Merijn"]
[Black "Honkoop, Gilian"]
[Result "1/2-1/2"]
[ECO "C95"]
[WhiteElo "2383"]
[BlackElo "2205"]
[Annotator "TA"]
[PlyCount "143"]
[EventDate "2022.08.05"]
[EventType "swiss"]
[EventCountry "NED"]
[SourceTitle "playchess.com"]
[Source "ChessBase"]
[SourceQuality "1"]
[TimeControl "40/5400+30:1800+30"]

1. e4 e5 2. Nf3 Nc6 3. Bb5 a6 4. Ba4 Nf6 5. O-O Be7 6. Re1 b5 7. Bb3 d6 8. c3 O-O 9. h3 Nb8 10. d4 Nbd7 11. Nbd2 c5 12. Nf1 Re8 13. Ng3 Bf8 14. a4 Bb7 15. d5 c4 16. Bc2 g6 17. Bg5 Nc5 {[%emt 0:00:45] C95: Closed Ruy Lopez: Breyer Variation with 10 d4.} 18. Qd2 Bg7 19. Ra3 Qc7 20. Rea1 Reb8 21. Nh2 {[%emt 0:10:36] [#]} Bc8 $146 ({Predecessor:} 21... h5 22. axb5 axb5 23. Qd1 Rxa3 24. Rxa3 Qc8 25. Ra5 Ba6 26. Nf3 Nfd7 27. Ne2 Bf6 {½-½ (41) Bredenhof,B (2217)-Bennett,C (2349) ICCF email 2015}) 22. axb5 Rxb5 23. R3a2 Rab8 24. Qc1 h5 (24... Nd3 $11 25. Bxd3 cxd3) 25. Nf3 $14 Nh7 26. Be3 Qe7 ({Better is} 26... Nb3 $14 27. Bxb3 Rxb3) 27. Nd2 $16 h4 (27... Nb3 $16 {was necessary.} 28. Bxb3 cxb3) 28. Ngf1 $18 Nb3 29. Bxb3 cxb3 30. Ra4 f5 31. f3 Bf6 32. Nh2 Bg5 33. Ndf1 (33. Qe1 $18) 33... Bxe3+ $16 34. Qxe3 f4 35. Qf2 Nf8 36. Nd2 Nd7 $1 37. Nc4 Nc5 38. R4a3 g5 39. Kh1 Qc7 40. Na5 Bd7 41. Qe2 Kg7 42. Nf1 Kf8 43. Kh2 Kg7 44. Nd2 Kf8 45. Ndc4 {[%emt 0:01:34] Pair of Knights!} Kg7 46. Rd1 Kf8 47. Nc6 Bxc6 $4 (47... Ra8 $16 {is a better defense.}) 48. dxc6 $18 Rd8 49. Rd5 $1 Ke7 {[%emt 0:00:00] [#]} 50. Ra1 $2 (50. Rxa6 $3 $18 Rbb8 51. Ra5) 50... Qxc6 $11 51. Rad1 {[%emt 0:00:00][%cal Oc4e5] Threatens to win with Nxe5!} Nb7 52. Qd3 {[%emt 0:00:00][%cal Oc4e5] Strongly threatening Nxe5!} Qc7 53. Rxb5 {[%emt 0:00:00] The board is on fire.} axb5 54. Na3 Nc5 (54... Qc6 $11) 55. Qxb5 $14 Qb7 56. Qe2 Qa6 57. c4 Qa4 58. Rd5 Qb4 (58... Qc6 $14) 59. Qd1 ({White should try} 59. Nb5 $16) 59... Ne6 $2 (59... Qb8 $14) 60. Rb5 Qa4 {[%emt 0:00:10] [#]} 61. Qxb3 $2 (61. Qd5 $1 $18) 61... Qxb3 $11 62. Rxb3 $18 {[%emt 0:00:08][%mdl 4096] Endgame KRN-KRN} Nc5 {[%emt 0:00:11] Against Rb7+} 63. Rb6 Rd7 ({Black should play} 63... Ra8 $11) 64. Kg1 (64. Nb5 $14) 64... Ra7 $11 {[%emt 0:00:35] The position is equal.} 65. Nb5 Ra1+ 66. Kf2 Nd3+ 67. Ke2 Nxb2 68. Nxd6 {[%emt 0:00:35] aiming for Nf5+.} Ra2 69. Kf1 Ra1+ 70. Kf2 {[%emt 0:00:28] Nf5+ is the strong threat.} Ra2 71. Kf1 Ra1+ 72. Kf2 {[%emt 0:00:07] Weighted Error Value: White=0.23 (precise) /Black=0.33} 1/2-1/2

[Event "24th Hoogeschool Zeeland 2022"]
[Site "Vlissingen"]
[Date "2022.08.12"]
[Round "8.9"]
[White "Shakhverdian, William"]
[Black "Pham, Khoi"]
[Result "0-1"]
[ECO "D30"]
[WhiteElo "2040"]
[BlackElo "2317"]
[Annotator "TA"]
[PlyCount "54"]
[EventDate "2022.08.05"]
[EventType "swiss"]
[EventCountry "NED"]
[SourceTitle "playchess.com"]
[Source "ChessBase"]
[SourceQuality "1"]
[TimeControl "40/5400+30:1800+30"]

1. d4 Nf6 2. c4 e6 3. Nf3 d5 4. e3 c6 5. b3 Ne4 6. Bd3 {[%emt 0:01:36] D30: Queen's Gambit Declined: Systems without Nc3.} Bb4+ {[%emt 0:01:51] 6...Bd6 is vanishing.} 7. Nbd2 Nd7 8. O-O {[%emt 0:04:04] White is slightly better.} f5 9. Bb2 Qf6 $1 {[%emt 0:00:30][%mdl 4] is now more promising than 9...0-0.} 10. Qc1 O-O 11. Ba3 Bxa3 12. Qxa3 g5 {[%emt 0:00:21][%cal Bg7g5,Bg5g4][%mdl 32] [#]} 13. Qb2 $146 ({Predecessor:} 13. Rad1 g4 14. Bxe4 fxe4 15. Ne1 e5 16. Nc2 exd4 17. exd4 Qg5 18. Ne3 Nf6 19. Qd6 {1-0 (38) Van de Griendt,J (2352)-Kazarian,A (2259) Netherlands 2016}) 13... g4 14. Ne5 Qh4 ({Better is} 14... Nxd2 $11 15. Nxd7 Nf3+ 16. gxf3 Bxd7) 15. g3 (15. f4 $5 ) 15... Qh3 16. Rfd1 $2 {[%emt 0:01:42] [#]} (16. Rfc1 $11 {and White has nothing to worry.}) 16... Nxf2 $1 $19 {[%emt 0:07:41][%cal Be4f2,Bf2d3,Bd3c5,Bc5d7,Bd7b6,Bb6d7][%mdl 544] Strongly threatening ...Nxe5.} 17. Rf1 Nxe5 {[%emt 0:03:18] Dancing on a razor blade.} 18. dxe5 (18. Be2 $17 {is a better defense.}) 18... Nxd3 19. Qc3 dxc4 20. Nxc4 {[%emt 0:03:05] [#]} Nc5 ({Not} 20... Rd8 21. Rad1 $11) 21. Nd6 Nd7 22. Rad1 {[%emt 0:01:59] [#]} Nb6 23. Qc5 Qh6 {[%emt 0:03:14] Hoping for ...Nd7.} 24. e4 Nd7 25. Qd4 c5 {[%emt 0:01:01] Black is clearly winning.} 26. Nxf5 (26. Qc3 $142 Qg7 27. exf5 Nxe5 28. f6 Rxf6 29. Rxf6 Qxf6 30. Ne4 Nf3+ 31. Kf2 Qxc3 32. Rd8+ Kg7 33. Nxc3) 26... Rxf5 27. Qd6 Qe3+ {[%emt 0:00:37] Weighted Error Value: White=0.80/Black=0.09 (flawless)} 0-1

[Event "24th Hoogeschool Zeeland 2022"]
[Site "Vlissingen"]
[Date "2022.08.12"]
[Round "8.11"]
[White "Tiggelman, Rene"]
[Black "Klepke, Ricardo"]
[Result "0-1"]
[ECO "E94"]
[WhiteElo "2165"]
[BlackElo "2293"]
[Annotator "TA"]
[PlyCount "84"]
[EventDate "2022.08.05"]
[EventType "swiss"]
[EventCountry "NED"]
[SourceTitle "playchess.com"]
[Source "ChessBase"]
[SourceQuality "1"]
[TimeControl "40/5400+30:1800+30"]

1. Nf3 Nf6 2. c4 g6 3. Nc3 Bg7 4. d4 O-O 5. e4 d6 6. Be2 e5 7. O-O Na6 8. Re1 c6 9. h3 exd4 {[%emt 0:04:59] E94: King's Indian: Classical: 6 Be2 e5 7 0-0: Various Black 7th moves.} 10. Nxd4 ({Of course not} 10. Qxd4 Nd5 $1 11. e5 dxe5 12. Nxe5 Ndb4 13. Qxd8 Rxd8 $17) 10... Nc5 11. Bf3 ({But not} 11. Bg5 h6 12. Bxf6 Qxf6 $15) (11. Bd3 {feels hotter.} Ng4 12. Bf1 Qf6 13. hxg4 Qxd4 14. Be3) 11... Nfd7 {[%emt 0:13:31] The position is equal.} 12. Be3 a5 13. Qc2 Re8 14. Rad1 {[%emt 0:04:12] [#]} Qf6 $146 ({Predecessor:} 14... Ne5 15. Be2 Qh4 16. f4 Ned7 17. Bf3 Nf6 18. Qf2 Qxf2+ 19. Bxf2 Nfd7 20. g4 h6 {0-1 (65) Manukyan,S (2253)-Maze,S (2557) Chess.com INT 2020}) 15. Qc1 {[%emt 0:07:11] Black must now prevent Bg5.} Ne6 {[%emt 0:04:23] [#] Prevents Bg5.} (15... Qe7 $11) 16. Bg4 $1 $16 h5 (16... Nxd4 $16 17. Bxd4 Qe7) 17. Nxe6 ({White should play} 17. Bxe6 $18 fxe6 18. Nf3) 17... fxe6 18. Be2 e5 19. Qd2 Bf8 20. Rf1 Qg7 21. a3 ({White should try} 21. Na4 $16) 21... Nc5 (21... a4 $1 $14) 22. f4 exf4 23. Rxf4 Nd7 (23... Be6 $14) 24. Rdf1 {[%emt 0:02:06][%cal Oc3d5] And now Nd5! would win.} Ne5 25. Bd4 {[%emt 0:09:04] Strongly threatening Na4.} (25. c5 $5) 25... Be7 26. c5 dxc5 {[%emt 0:00:58] [#]} 27. Bxe5 (27. Rf7 $1 $14 Nf3+ 28. R1xf3 Qxd4+ 29. Qxd4 cxd4 30. Bc4) 27... Qxe5 $17 28. Bc4+ Be6 29. Bxe6+ (29. Nd5 $17 cxd5 30. exd5) 29... Qxe6 $19 30. Qe2 (30. R4f3 {might work better.}) 30... Rf8 31. g4 (31. e5 {was called for.}) 31... Rxf4 32. Rxf4 Bd6 33. Rf2 Be5 34. Kg2 hxg4 35. hxg4 (35. Qxg4 $142 Qxg4+ 36. hxg4) 35... Kg7 36. Qf3 Rh8 37. Ne2 Rh2+ 38. Kg1 {[%emt 0:00:42] Qf8+ is the strong threat.} Rxf2 {[%emt 0:00:41] Black is clearly winning.} 39. Kxf2 Bxb2 40. Nf4 Qf7 41. a4 Be5 42. Nd3 Bd4+ {[%emt 0:00:11] Never resign too early!  Weighted Error Value: White=0.41/Black=0.18 (very precise)} 0-1